cohdb
Replays
Latest Replays
All Replays
Popular Replays
Top Player Replays
Match Explorer
How It Works
Community
CoH3 Stats
Reddit
Sign in to upload your games and track your stats! →
Sign in with Steam
Match 42198755
Unlisted
Match 42198755
Overview
Messages
Build Orders
End
Construct Infanterie Kompanie
Construct Infanterie Kompanie
Selects Terror Battlegroup
Selects Machine Gun Camouflage
Grenadier Squad
MG 42 Machine Gun Team
Grenadier Squad
Infanterie Officer Quarters
Construct Panzergrenadier Kompanie
Panzergrenadier Squad
Selects Interrogate
Pak 40 Anti-tank Gun Team
Support Elements
Medical Bunker
StuG III G Assault Gun
Panzergrenadier Squad
Panzergrenadier Officer Quarters
StuG III G Assault Gun
StuG III G Assault Gun
StuG III G Assault Gun
Selects Propaganda Leaflet Drop
Selects V1 Rocket Strike
StuG III G Assault Gun
Pioneer Squad
StuG III G Assault Gun
Kettenkrad Recon Vehicle
Propaganda Leaflet Drop
StuG III G Assault Gun
ColdDown
KoalaImpala
实践
Tanith's Finest
Frost233233
Michty Action X
Mr. Bailiff
JuicyBeijingDUCK
0
0
Comments
sign in to comment!
No comments posted yet!